 Dungeon Crawl Stone Soup version 0.21-a0-509-gecc5317 (webtiles) character file.

2802 waterbugbear the Grappler (level 9, -16/80 HPs)
             Began as a Troll Monk on Nov 30, 2017.
             Was a Priest of Qazlal.
             Demolished by a two-headed ogre
             ... wielding a +0 giant club
              (23 damage)
             ... on level 8 of the Dungeon.
             The game lasted 00:13:54 (5935 turns).

waterbugbear the Grappler (Troll Monk)              Turns: 5935, Time: 00:13:54

Health: -16/80     AC:  5    Str: 21    XL:     9   Next: 44%
Magic:  11/11      EV:  9    Int:  6    God:    Qazlal [***...]
Gold:   272        SH: 14    Dex: 15    Spells: 8/8 levels left

rFire    . . .     SeeInvis .     - Unarmed
rCold    . . .     Gourm    +   k - +0 shield
rNeg     . . .     Faith    .   a - +0 robe
rPois    +         Spirit   .   (helmet restricted)
rElec    .         Reflect  .   (no cloak)
rCorr    +         Harm     .   (gloves unavailable)
MR       .....                  (boots unavailable)
Stlth    +.........             (no amulet)
HPRegen  0.63/turn              p - ring of poison resistance
MPRegen  0.12/turn              B - ring of resist corrosion

@: no status effects
A: large, unfitting armour, claws 3, fast metabolism 3, gourmand, regeneration
1, shaggy fur 1, tough skin 2
a: Upheaval, Elemental Force, Renounce Religion


You were on level 8 of the Dungeon.
You worshipped Qazlal.
Qazlal was most pleased with you.
You were not hungry.

You visited 1 branch of the dungeon, and saw 8 of its levels.

You collected 272 gold pieces.

Inventory:

Missiles
 f - a poisoned javelin (quivered)
 j - 26 poisoned needles
 l - 90 stones
 v - 6 tomahawks
Armour
 a - a +0 robe (worn)
 k - a +0 shield (worn)
Jewellery
 p - a ring of poison resistance (left claw)
 s - a cursed +4 ring of evasion
 B - a ring of resist corrosion (right claw)
Wands
 d - a wand of iceblast (11)
 E - a wand of disintegration (19)
Scrolls
 c - 2 scrolls of enchant weapon
 i - 5 scrolls of teleportation
 u - a scroll of blinking {unknown}
 w - a scroll of fog {unknown}
 y - 2 scrolls of fear
 C - a scroll of enchant armour {unknown}
 D - a scroll of magic mapping
Potions
 e - 7 potions of curing
 g - a potion of heal wounds
 o - a potion of berserk rage
 q - 3 potions of flight
 r - 2 potions of agility
 t - a potion of cancellation {unknown}
 x - a potion of haste
 z - 2 potions of invisibility
 A - a potion of mutation {unknown}
Books
 n - a book of Necromancy

   Spells                             Type                      Level
   a - Pain                           Necromancy                   1
   b - Animate Skeleton               Necromancy                   1
   c - Vampiric Draining              Necromancy                   3
   d - Regeneration                   Charms/Necromancy            3
   e - Animate Dead                   Necromancy                   4
   f - Control Undead                 Necromancy                   4
Comestibles
 b - 7 bread rations
 h - 5 royal jellies


   Skills:
 - Level 2.4 Fighting
 - Level 2.4 Dodging
 - Level 1.0 Stealth
 + Level 5.0 Shields
 * Level 10.3 Unarmed Combat
 + Level 5.0 Invocations


You had 8 spell levels left.
You didn't know any spells.

Dungeon Overview and Level Annotations

Branches:
Dungeon (8/15)             Temple (0/1) D:5
   Lair: D:8-11

Altars:
Qazlal
Sif Muna

Annotations:
D:2 exclusion: downstairs
D:7 exclusion: downstairs


Innate Abilities, Weirdness & Mutations

You are too large for most types of armour.
You have claws for hands.
Your metabolism is lightning-fast.
You like to eat raw meat.
Your natural rate of healing is unusually fast.
You are covered in fur. (AC +1)
You have very tough skin. (AC +2)


Message History

Throwing (i - inventory. (,) - cycle):
f - 2 poisoned javelins (quivered)
Press: ? - help, Shift-Dir - straight line, f/p - two-headed ogre
Aim: a two-headed ogre, wielding a giant club and a giant spiked club (lightly wounded, poisoned)
You throw a poisoned javelin.
The poisoned javelin barely misses the two-headed ogre.
You block the two-headed ogre's attack.
The two-headed ogre hits you with a giant spiked club!!
You claw the two-headed ogre!
The two-headed ogre is heavily wounded.
You barely miss the two-headed ogre.
The two-headed ogre is heavily wounded.
The two-headed ogre hits you with a giant club!!
The two-headed ogre barely misses you.
You are too injured to fight recklessly!
You claw the two-headed ogre!
The two-headed ogre is severely wounded.
The two-headed ogre hits you with a giant club!!
* * * LOW HITPOINT WARNING * * *
The two-headed ogre hits you with a giant spiked club!!
You die...

#.###
#..........#
##...##
#..........#
##.....#
#..(......##
#......#
#....######
#......#
#(.##
##.....# #..#
#(...## #(.#
##...# ##O.#
#...# ##@.#
#...# ##ยง..#
#...###...##
#...##...##
#.......##
..........##
...#######..#
## ####


You could see a two-headed ogre.

Vanquished Creatures
  Prince Ribbit (D:6)
  A hippogriff (D:7)
  Menkaure (D:5)
  Duvessa (D:7)
  2 black bears
  An ice beast (D:5)
  A phantom (D:5)
  An ogre (D:6)
  2 centaurs (D:5)
  3 bullfrogs
  Dowan (D:7)
  2 scorpions
  4 killer bees
  2 howler monkeys
  5 wights (D:8)
  A crimson imp (D:5)
  3 jellies
  3 orc wizards
  4 orc priests
  A bullfrog skeleton (D:7)
  Jessica (D:3)
  2 iguanas
  5 worker ants
  2 hound skeletons
  4 gnolls (D:6)
  10 adders
  2 shadow imps (D:5)
  3 oozes
  An adder zombie (D:7)
  2 adder skeletons
  2 worms (D:2)
  2 dart slugs
  4 leopard geckos
  11 orcs
  9 bats
  A giant cockroach (D:2)
  5 hobgoblins
  6 jackals (D:4)
  2 quokkas (D:2)
  A ball python (D:1)
  A frilled lizard (D:1)
  2 jackal zombies
  10 kobolds
  A leopard gecko skeleton (D:5)
  12 rats
141 creatures vanquished.

Notes
Turn   | Place    | Note
-------+----------+-------------------------------------------
     0 | D:1      | waterbugbear the Troll Monk began the quest for the Orb.
     0 | D:1      | Reached XP level 1. HP: 22/22 MP: 0/0
   140 | D:1      | Reached XP level 2. HP: 27/29 MP: 1/1
   741 | D:2      | Reached skill level 4 in Unarmed Combat
   879 | D:2      | Reached XP level 3. HP: 26/36 MP: 2/2
  1110 | D:2      | Reached skill level 5 in Unarmed Combat
  1110 | D:2      | Reached XP level 4. HP: 29/44 MP: 3/3
  1698 | D:3      | Noticed Jessica
  1711 | D:3      | Killed Jessica
  1817 | D:3      | Reached XP level 5. HP: 50/50 MP: 4/4
  2261 | D:4      | Reached skill level 1 in Shields
  2263 | D:4      | Reached skill level 6 in Unarmed Combat
  2349 | D:4      | Found a deep blue altar of Sif Muna.
  2489 | D:4      | Reached XP level 6. HP: 54/59 MP: 5/5
  2637 | D:4      | Found a stormy altar of Qazlal.
  2809 | D:4      | Became a worshipper of Qazlal Stormbringer
  2809 | D:4      | Reached * piety under Qazlal
  2809 | D:4      | Reached ** piety under Qazlal
  3028 | D:5      | Entered Level 5 of the Dungeon
  3102 | D:5      | Reached skill level 1 in Invocations
  3107 | D:5      | Noticed an ice beast
  3123 | D:5      | Killed an ice beast
  3123 | D:5      | Reached skill level 7 in Unarmed Combat
  3149 | D:5      | Noticed Menkaure
  3151 | D:5      | Killed Menkaure
  3151 | D:5      | Reached XP level 7. HP: 66/66 MP: 7/7
  3275 | D:5      | Found a staircase to the Ecumenical Temple.
  3511 | D:5      | Reached skill level 8 in Unarmed Combat
  3764 | D:5      | Reached XP level 8. HP: 74/74 MP: 9/9
  4099 | D:6      | Noticed Prince Ribbit
  4108 | D:6      | Killed Prince Ribbit
  4108 | D:6      | Reached skill level 9 in Unarmed Combat
  4579 | D:7      | Noticed Dowan
  4582 | D:7      | Noticed Duvessa
  4586 | D:7      | Killed Duvessa
  4586 | D:7      | Reached XP level 9. HP: 71/80 MP: 11/11
  4590 | D:7      | Killed Dowan
  4590 | D:7      | Reached *** piety under Qazlal
  5539 | D:8      | Reached skill level 10 in Unarmed Combat
  5778 | D:8      | Reached skill level 5 in Shields
  5782 | D:8      | Reached skill level 5 in Invocations
  5808 | D:8      | Noticed a two-headed ogre
  5935 | D:8      | Demolished by a two-headed ogre

Vault maps used:
D:1:      dpeg_arrival_erosion
D:2:      serial_forest, infiniplex_forest_straight_3,
          infiniplex_forest_corner_1, infiniplex_forest_lined_corner,
          infiniplex_forest_clump_double, infiniplex_forest_corner_1,
          infiniplex_forest_straight_4, infiniplex_forest_clump_double,
          infiniplex_forest_clump_tiny, kennysheep_cluttered_room
D:3:      uniq_jessica
D:4:      nicolae_qazlal_eye_of_the_storm, first_bread, led_sif_pool
D:5:      temple_fountains, uniq_menkaure
D:6:      minmay_misc_feat_plants, uniq_prince_ribbit1
D:7:      grunt_decor_arrowhead, uniq_duvessa
D:8:      basic_altar, grunt_ogre_cave

Skill      XL: |  1  2  3  4  5  6  7  8  9 |
---------------+----------------------------+-----
Unarmed Combat | 4 5 6 7 8 9 10 | 10.3
Shields        | 1 2 3 4 5 |  5.0
Invocations    | 1 2 4 5 |  5.0
Fighting       | |  2.4
Dodging        | |  2.4
Stealth        | |  1.0

Action                   |  1- 3 |  4- 6 |  7- 9 || total
-------------------------+-------+-------+-------++-------
Melee: Unarmed           |    74 |   121 |   212 ||   407
       Punch             |     1 |     3 |       ||     4
Throw: Tomahawk          |       |     3 |     2 ||     5
       Javelin           |       |       |     4 ||     4
       Throwing net      |       |       |     1 ||     1
  Use: Scroll            |       |     9 |     8 ||    17
 Stab: Sleeping          |     4 |       |       ||     4
  Eat: Chunk             |    16 |    18 |    13 ||    47
       Meat ration       |       |       |     1 ||     1
Armor: Robe              |    21 |    41 |    58 ||   120
Dodge: Dodged            |    38 |    51 |    73 ||   162
Block: Other             |       |     1 |     7 ||     8
       Shield            |       |       |    81 ||    81

Table legend:
 A = Spawn XP
 B = Non-spawn XP
 C = Spawn XP percentage of total XP
 D = Spawn monster count
 E = Non-spawn monster count
 F = Spawn count percentage of total count
 G = Total turns spent on level
                    A         B        C        D         E        F      G
               +---------+---------+-------+---------+---------+-------+---------
         Total |       0 |    4003 |   0.0 |       0 |     141 |   0.0 |  5935
               +---------+---------+-------+---------+---------+-------+---------
           D:1 |       0 |      28 |   0.0 |       0 |      15 |   0.0 |   725
           D:2 |       0 |      94 |   0.0 |       0 |      20 |   0.0 |   881
           D:3 |       0 |      95 |   0.0 |       0 |      19 |   0.0 |   639
           D:4 |       0 |     193 |   0.0 |       0 |      17 |   0.0 |   783
           D:5 |       0 |    1081 |   0.0 |       0 |      20 |   0.0 |   819
           D:6 |       0 |    1223 |   0.0 |       0 |      22 |   0.0 |   723
           D:7 |       0 |     611 |   0.0 |       0 |      10 |   0.0 |  1018
           D:8 |       0 |     678 |   0.0 |       0 |      18 |   0.0 |   347
               +---------+---------+-------+---------+---------+-------+---------
